 Dungeon Crawl Stone Soup version 0.28-b1-1-g3c77fb2 (webtiles) character file.

Game seed: 8178974666868550020

1565 BALLS the Slasher (level 8, 0/42 HPs)
             Began as a Vine Stalker Fighter on Jan 26, 2022.
             Was a Believer of Okawaru.
             Succumbed to a water moccasin's poison
             ... in a sewer.
             The game lasted 00:10:46 (5289 turns).

BALLS the Slasher (Vine Stalker Fighter)            Turns: 5289, Time: 00:10:47

Health: 0/42       AC:  6    Str: 20    XL:     8   Next: 89%
Magic:  4/13       EV:  9    Int:  8    God:    Okawaru [**....]
Gold:   338        SH:  5    Dex: 15    Spells: 7/7 levels left

rFire   + . .      SeeInvis .   a - +0 long sword
rCold   . . .      Faith    .   c - +0 buckler
rNeg    . . .      Spirit   +   b - +0 scale mail
rPois   .          Reflect  .   (no helmet)
rElec   .          Harm     .   (no cloak)
rCorr   .          Rampage  .   (no gloves)
Will    +....                   (no boots)
Stlth   ..........              (no amulet)
HPRegen 0.94/turn               y - ring of protection from fire
MPRegen 0.13/turn               (no ring)

@: lethally poisoned (0 -> -11)
A: fangs 3, regeneration 1, magic shield, antimagic bite, no potion heal 2
a: Renounce Religion, Heroism


You were in a sewer.
You worshipped Okawaru.
Okawaru was pleased with you.
You visited 2 branches of the dungeon, and saw 7 of its levels.
You also visited: Sewer.

You collected 338 gold pieces.

Inventory:

Hand Weapons
 a - a +0 long sword (weapon)
 m - the +9 dagger of the Butterfly {vorpal, rPois rF- Dex+7}
   (You found it on level 2 of the Dungeon)

   It inflicts extra damage upon your enemies.
   Dex:       It affects your dexterity (+7).
   rF:        It makes you vulnerable to fire.
   rPois:     It protects you from poison.
Armour
 b - a +0 scale mail (worn)
 c - a +0 buckler (worn)
Jewellery
 y - a ring of protection from fire (left hand)
Wands
 p - a wand of iceblast (5)
 x - a wand of polymorph (13)
Scrolls
 e - 2 scrolls of fog
 f - 2 scrolls of immolation
 g - a scroll of summoning {unknown}
 h - 2 scrolls of teleportation
 j - a scroll of noise {unknown}
 o - a scroll of torment {unknown}
 q - 3 scrolls of fear {unknown}
 r - a scroll of amnesia {unknown}
 u - a scroll of vulnerability {unknown}
 w - 3 scrolls of magic mapping
Potions
 d - 3 potions of might
 i - a potion of haste
 k - a potion of attraction {unknown}
 l - a potion of cancellation {unknown}
 n - a potion of curing
 s - a potion of mutation {unknown}
 t - a potion of brilliance {unknown}
 v - a potion of degeneration {unknown}


   Skills:
 - Level 4.5 Fighting
 - Level 7.0 Long Blades
 - Level 2.4 Armour
 + Level 3.8 Shields
 - Level 6.0 Invocations


You had 7 spell levels left.
You didn't know any spells.
Your spell library contained the following spells:

 Spells                   Type           Power      Damage    Failure   Level
 Shock                    Conj/Air       0%         1d3       86%         1
 Static Discharge         Conj/Air       0%         N/A       94%         2
 Gell's Gravitas          Tloc           0%         N/A       99%         3
 Lesser Beckoning         Tloc           0%         N/A       99%         3
 Ozocubu's Armour         Ice            0%         N/A       99%         3
 Portal Projectile        Hex/Tloc       0%         N/A       99%         3
 Swiftness                Air            0%         N/A       99%         3
 Teleport Other           Tloc           0%         N/A       99%         3
 Airstrike                Air            0%         N/A       100%        4
 Leda's Liquefaction      Hex/Erth       0%         N/A       100%        4
 Lightning Bolt           Conj/Air       0%         1d11      100%        5
 Ozocubu's Refrigeration  Ice            0%         4d5       100%        7
 Maxwell's Capacitive Co  Air            0%         ∞         100%        8
 Call Canine Familiar     Summ           Unusable   N/A       N/A         3

Dungeon Overview and Level Annotations

Branches:
Dungeon (6/15)             Temple (1/1) D:4           Sewer (1/1)

Altars:
Ashenzari
Cheibriados
Fedhas
Gozag
Hepliaklqana
Kikubaaqudgha
Makhleb
Nemelex Xobeh
Okawaru
Qazlal
Ru
Sif Muna
Trog
Uskayaw
Vehumet
Wu Jian
Xom
Yredelemnul
Zin
The Shining One

Shops:
D:5 [


Innate Abilities, Weirdness & Mutations

You have razor-sharp teeth.
Your natural rate of healing is unusually fast.
When hurt, damage is shared between your health and your magic reserves.
Your bite disrupts and absorbs the magic of your enemies.
Potions cannot restore your health.


Message History

You are poisoned.
The water moccasin poisons you!
You closely miss the water moccasin.
The water moccasin is moderately wounded.
You feel very sick. The water moccasin bites you.
You miss the water moccasin.
The water moccasin is moderately wounded.
You feel very sick. The water moccasin barely misses you.
The water moccasin bites you but does no damage.
You hit the water moccasin but do no damage.
Your bite misses the water moccasin.
The water moccasin is moderately wounded.
You feel sick. The water moccasin bites you!
* * * LOW HITPOINT WARNING * * *
You closely miss the water moccasin.
The water moccasin is moderately wounded.
You feel sick.
The water moccasin bites you but does no damage.
The water moccasin bites you!
* * * LOW HITPOINT WARNING * * *
You hit the water moccasin. You bite the water moccasin! You drain its power.
You feel invigorated.
The water moccasin is severely wounded.
You feel sick. The water moccasin bites you.
It was a potion of curing.
Your system rejects the healing.
You feel better. You block the water moccasin's attack.
The water moccasin misses you.
You completely miss the water moccasin. Your bite misses the water moccasin.
The water moccasin is severely wounded.
The water moccasin bites you.
* * * LOW HITPOINT WARNING * * *
You are lethally poisoned!
The water moccasin poisons you! The water moccasin bites you.
* * * LOW HITPOINT WARNING * * *
Your system rejects the healing.
You feel better. The water moccasin bites you.
* * * LOW HITPOINT WARNING * * *
You are lethally poisoned!
The water moccasin poisons you!
You die...

## ≈# ≈# ########
≈## ###.....@###
≈.#
###..≈≈≈..≈.S###
≈.#
###.....####≈...≈#
≈.###...≈.###
###≈≈...#
≈≈..≈..≈.##
##≈...≈.#
≈.###...≈≈#
≈..≈.### ≈.#
###..≈..# ..≈##.$
≈.# ###.≈.≈≈ ..###
?$# ≈## ##.... ##
##


You could see a water moccasin.

Vanquished Creatures
  Maggie (D:6)
  A water moccasin (D:6)
  A hornet zombie (D:4)
  A black bear (D:3)
  An ogre (D:4)
  A centaur (D:5)
  A bullfrog (D:6)
  5 scorpions
  2 bullfrog zombies (D:6)
  A jelly (D:5)
  A bullfrog skeleton (D:5)
  2 hounds
  3 iguanas
  Terence (D:2)
  An orc wizard (D:6)
  5 adders
  An ufetubus (D:4)
  An adder zombie (D:5)
  A worm (D:3)
  2 dart slugs (D:2)
  11 orcs
  10 endoplasms
  9 giant cockroaches
  8 goblins
  8 hobgoblins
  4 jackals (Sewer)
  5 quokkas
  6 ball pythons
  15 bats
  4 frilled lizards
  10 kobolds
  8 rats
131 creatures vanquished.

Notes
Turn   | Place    | Note
-------+----------+-------------------------------------------
     0 | D:1      | BALLS the Vine Stalker Fighter began the quest for the Orb.
     0 | D:1      | Reached XP level 1. HP: 11/11 MP: 2/2
    21 | D:1      | Reached skill level 2 in Long Blades
    29 | D:1      | Reached XP level 2. HP: 16/16 MP: 1/3
   192 | D:1      | Reached skill level 3 in Long Blades
   422 | D:1      | Reached XP level 3. HP: 19/19 MP: 4/4
  1447 | D:2      | Found a faded altar of an unknown god.
  1718 | D:2      | Gained mutation: Your natural rate of healing is unusually
                  | fast. [Vine Stalker growth]
  1718 | D:2      | Reached XP level 4. HP: 21/23 MP: 3/5
  1803 | D:2      | Reached skill level 4 in Long Blades
  1837 | D:2      | Identified the +9 dagger of the Butterfly {vorpal, rPois
                  | rF- Dex+7}
  2659 | D:3      | Noticed Terence
  2679 | D:2      | Killed Terence
  2726 | D:3      | Reached XP level 5. HP: 27/27 MP: 6/6
  2833 | D:3      | Noticed a black bear
  2854 | D:3      | Killed a black bear
  2855 | D:3      | Reached skill level 5 in Long Blades
  2912 | D:3      | Reached XP level 6. HP: 32/32 MP: 7/7
  3413 | D:4      | Reached skill level 6 in Long Blades
  3457 | D:4      | Found a staircase to the Ecumenical Temple.
  3467 | Temple   | Entered the Ecumenical Temple
  3539 | Temple   | Became a worshipper of Warmaster Okawaru
  3700 | D:4      | Reached XP level 7. HP: 29/35 MP: 4/8
  3840 | D:4      | Found a shimmering blue altar of Sif Muna.
  4089 | D:4      | Reached skill level 7 in Long Blades
  4175 | D:5      | Entered Level 5 of the Dungeon
  4245 | D:5      | Found Vuipryic's Antique Armour Boutique.
  4269 | D:5      | Reached * piety under Okawaru
  4359 | D:5      | Reached skill level 1 in Invocations
  4600 | D:5      | Gained mutation: You have razor-sharp teeth. [Vine Stalker
                  | growth]
  4600 | D:5      | Reached XP level 8. HP: 42/42 MP: 10/10
  4719 | D:6      | Noticed Maggie
  4741 | D:6      | Killed Maggie
  4741 | D:6      | Reached ** piety under Okawaru
  4878 | D:6      | Reached skill level 5 in Invocations
  4901 | D:6      | Found an opulent altar of Gozag.
  5221 | D:6      | Found a glowing drain.
  5235 | Sewer    | Entered a sewer
  5289 | Sewer    | Succumbed to a water moccasin's poison

Illustrated notes

Levels and vault maps discovered:
D:1:      dpeg_arrival_rooms_b, layout_loops_ring
D:2:      minmay_recursive_quarters, layout_basic, basic_ecumenical_altar,
          amethyst_killhole, minmay_puff
D:3:      layout_loops_cross, uniq_terence
D:4:      layout_basic, mainiacjoe_overflow_six_doors_small,
          minmay_temple_entry_crystal_x
D:5:      layout_basic, serial_shops, shop
D:6:      layout_cave_pools, amcnicky_altar_gilded, portal_sewer_entry_f,
          uniq_maggie
Temple:   mainiacjoe_temple_coin_purse
Sewer:    sewer_the_moccasin

Skill      XL: |  1  2  3  4  5  6  7  8 |
---------------+-------------------------+-----
Long Blades    | 2 3 4 5 6 7 |  7.0
Fighting       | 4 |  4.5
Invocations    | 2 6 |  6.0
Shields        | 3 |  3.8
Armour         | |  2.4

Action                   |  1- 3 |  4- 6 |  7- 9 || total
-------------------------+-------+-------+-------++-------
Melee: Long sword        |   123 |   139 |   180 ||   442
       Bite              |    20 |    34 |    51 ||   105
  Use: Scroll            |       |     4 |     1 ||     5
       Potion            |       |       |     2 ||     2
Armor: Scale mail        |    45 |    66 |    45 ||   156
       Skin              |       |       |     7 ||     7
Dodge: Dodged            |    59 |    73 |    67 ||   199
Block: Buckler           |    27 |    28 |    56 ||   111
